Knights vs Remparts
Created - January 9, 2018 at 19:00
Goals
|
| Knights |
3 |
1 |
1 |
5 |
| Remparts |
1 |
1 |
0 |
2 |
|
Shots
|
| Knights |
17 |
4 |
16 |
37 |
| Remparts |
17 |
13 |
3 |
33 |
|
1st period
1. Knights , Michael Raffl 15 (Jimmy Hayes 13, Justin Falk 14) at 12:48
2. Remparts , Mitchell Heard 1 (Johannes Salmonsson 9, Kris Russell 3) at 16:29
3. Knights , Jimmy Hayes 18 (James Wright 19) at 17:26
4. Knights , Jordan Martinook 3 (Cody Bass 11, Josh Bailey 16) at 17:42
Penalties :
Daniel Paille (Que) for Hooking (Minor) at 19:48
2nd period
5. Knights , Justin Falk 2 (Cody Bass 12, Michael Raffl 24) at 0:30 (PP)
6. Remparts , Max Reinhart 8 (Ryan Strome 16, Guillaume Desbiens 26) at 17:29
Penalties :
Scott Jackson (Lon) for Hooking (Minor) at 8:07, Ryan Strome (Que) for Hooking (Minor) at 14:16
3rd period
7. Knights , Cody Bass 13 (Josh Bailey 17, Noel Acciari 7) at 4:33
Penalties :
Jimmy Hayes (Lon) for Hooking (Minor) at 1:32, Guillaume Desbiens (Que) for Hooking (Minor) at 4:36, Jacob Trouba (Lon) for Tripping (Minor) at 12:40
Goalie Stats
Magnus Hellberg (Lon), 31 saves from 33 shots - (0.939), W, 3-1-0, 60:00 minutes
Igor Bobkov (Que), 18 saves from 19 shots - (0.947), 39:30 minutes
Tyler Plante (Que), 14 saves from 18 shots - (0.778), L, 9-10-1, 20:30 minutes
Players Stats for Knights
Player Name G A P +/- PIM S H SB GA TA FO MP PP MP PK MP
------------------------------------------------------------------------------------
A.J. Jenks 0 0 0 0 0 1 4 1 1 0 0/0 12:33 1:36 0:00
Brendan Gaunce 0 0 0 -1 0 2 1 0 1 0 1/3 9:13 0:00 0:00
Cody Bass 1 2 3 1 0 7 3 1 0 2 14/25 20:07 2:45 2:51
Jaccob Slavin 0 0 0 1 0 0 0 2 0 0 0/0 14:22 1:37 0:00
Jacob Trouba 0 0 0 0 2 0 2 3 0 0 0/0 22:33 1:37 1:55
James Wright 0 1 1 2 0 2 3 0 0 1 6/12 17:30 1:36 1:43
Jared Spurgeon 0 0 0 0 0 1 1 0 2 1 0/0 25:53 3:03 2:30
Jimmy Hayes 1 1 2 2 2 3 1 1 1 1 1/1 17:02 1:36 1:02
Jordan Martinook 1 0 1 2 0 2 3 0 0 1 1/1 13:18 0:00 0:15
Josh Bailey 0 2 2 1 0 4 2 1 1 1 1/2 17:02 2:45 0:00
Justin Falk 1 1 2 0 0 4 0 1 0 2 0/0 28:17 3:03 2:49
Linden Vey 0 0 0 0 0 4 1 1 1 0 0/0 11:10 0:19 0:00
Michael Matheson 0 0 0 0 0 0 0 0 0 0 0/0 5:56 0:00 2:18
Michael Raffl 1 1 2 1 0 3 1 1 0 0 0/0 21:05 2:45 2:58
Noel Acciari 0 1 1 0 0 0 0 0 0 0 7/11 13:10 0:19 1:23
Scott Jackson 0 0 0 3 2 1 0 1 1 0 0/0 23:34 0:00 2:22
Scott Wilson 0 0 0 -1 0 2 3 0 0 0 0/0 12:02 0:19 1:42
Tom Wilson 0 0 0 -1 0 1 0 0 0 0 0/0 9:13 0:00 0:00
Players Stats for Remparts
Player Name G A P +/- PIM S H SB GA TA FO MP PP MP PK MP
------------------------------------------------------------------------------------
Alex Galchenyuk 0 0 0 -2 0 0 0 0 3 1 0/0 18:11 2:55 0:56
Chris Mueller 0 0 0 -1 0 2 1 0 0 0 2/7 12:27 0:00 0:58
Cody Ceci 0 0 0 -2 0 1 1 3 0 1 0/0 24:53 0:00 2:49
Dainius Zubrus 0 0 0 1 0 3 1 0 2 1 0/0 9:44 0:17 0:00
Daniel Paille 0 0 0 -1 2 5 5 0 0 0 0/0 15:37 2:45 0:00
Griffin Reinhart 0 0 0 1 0 1 0 1 0 0 0/0 17:22 2:34 0:00
Guillaume Desbiens 0 1 1 -1 2 3 1 0 1 0 0/0 18:43 2:55 0:23
Johannes Salmonsson 0 1 1 1 0 1 0 0 1 1 0/0 12:27 0:17 2:43
Kris Russell 0 1 1 -3 0 1 3 1 0 1 0/0 24:43 3:23 1:51
Matt Halischuk 0 0 0 -1 0 1 1 0 0 0 0/1 11:22 0:00 0:00
Max Reinhart 1 0 1 0 0 3 0 0 1 0 10/18 19:44 2:45 2:52
Michal Jordan 0 0 0 -1 0 3 0 2 0 0 0/0 12:52 0:00 0:00
Mika Zibanejad 0 0 0 -2 0 1 3 0 0 0 12/27 17:45 2:55 0:30
Mike Weber 0 0 0 2 0 1 4 0 0 2 0/0 22:43 3:23 2:49
Mitchell Heard 1 0 1 1 0 2 2 0 0 0 0/1 9:44 0:17 0:00
Pasi Salonen 0 0 0 -1 0 2 0 0 0 0 0/1 12:27 0:00 0:58
Ryan Strome 0 1 1 0 2 3 2 0 1 0 0/0 17:06 2:45 0:00
William Colbert 0 0 0 -1 0 0 1 0 0 1 0/0 17:27 2:34 1:51
3 Stars
1 - Cody Bass (Lon)
2 - Michael Raffl (Lon)
3 - Jordan Martinook (Lon)
Power Play
Knights - 1 on 3 Attempt(s) - 33.33%
Remparts - 0 on 3 Attempt(s) - 0.00%
Penalty Kill
Knights - 3 on 3 Attempt(s) - 100.00%
- Score 0 goal in Penalty Kill
Remparts - 2 on 3 Attempt(s) - 66.67%
- Score 0 goal in Penalty Kill
Team Stat
Knights - Hits : 25 - Faceoff Wins : 31 - Blocked Shots : 13 - Penalty Minutes : 6
Remparts - Hits : 25 - Faceoff Wins : 24 - Blocked Shots : 7 - Penalty Minutes : 6
Official
Referees : Furlatt Eric and LaRue Dennis
Linesman : Brad Lazarowich and Scott Cherrey
Game Notes
Igor Bobkov enters game at 0:30 of 2nd period
Finance
Level 1 -- Attendance: 1577 (78.85%) -- Ticket Income $47,310
Level 2 -- Attendance: 747 (74.70%) -- Ticket Income $14,940
Total Attendance: 2324 (77.47%)
Total Ticket Income: $62,250
Other Income: $3,112
Total Income: $65,362
Knights
5 vs 5 Forward
Center Left Wing Right Wing Time % Phy DF OF
1 James Wright Michael Raffl Jimmy Hayes 37 1 2 2
2 Cody Bass Jordan Martinook Josh Bailey 33 1 2 2
3 Noel Acciari A.J. Jenks Linden Vey 20 1 1 3
4 Brendan Gaunce Scott Wilson Tom Wilson 10 1 2 2
5 vs 5 Defense
Defense Defense Time % Phy DF OF
1 Jared Spurgeon Justin Falk 40 1 2 2
2 Scott Jackson Jacob Trouba 30 1 2 2
3 Jaccob Slavin Scott Jackson 20 1 2 2
4 Justin Falk Jacob Trouba 10 1 2 2
PowerPlay Forward
Center Left Wing Right Wing Time % Phy DF OF
1 Cody Bass Michael Raffl Josh Bailey 60 1 0 4
2 James Wright A.J. Jenks Jimmy Hayes 40 1 0 4
PowerPlay Defense
Defense Defense Time % Phy DF OF
1 Justin Falk Jared Spurgeon 60 1 2 2
2 Jacob Trouba Jaccob Slavin 40 1 2 2
Penalty Kill 4 Players Forward
Center Wing Time % Phy DF OF
1 Cody Bass Michael Raffl 60 1 3 1
2 James Wright Jimmy Hayes 40 1 3 1
Penalty Kill 4 Players Defense
Defense Defense Time % Phy DF OF
1 Jared Spurgeon Justin Falk 60 1 4 0
2 Jacob Trouba Scott Jackson 40 1 4 0
Penalty Kill - 3 Players Forward
Forward Time % Phy DF OF
1 James Wright 60 0 4 1
2 Cody Bass 40 0 4 1
Penalty Kill - 3 Players Defense
Defense Defense Time % Phy DF OF
1 Jared Spurgeon Justin Falk 60 1 4 0
2 Jacob Trouba Scott Jackson 40 1 4 0
4 vs 4 Forward
Center Wing Time % Phy DF OF
1 James Wright Michael Raffl 60 1 2 2
2 Cody Bass Josh Bailey 40 1 2 2
4 vs 4 Defense
Defense Defense Time % Phy DF OF
1 Justin Falk Jared Spurgeon 60 1 2 2
2 Scott Jackson Jacob Trouba 40 1 2 2
Last Minutes Offensive
Center Left Wing Right Wing Defense Defense
James Wright Michael Raffl Josh Bailey Jared Spurgeon Justin Falk
Last Minutes Defensive
Center Left Wing Right Wing Defense Defense
Cody Bass Michael Raffl Jimmy Hayes Jared Spurgeon Justin Falk
Goaltenders
Starting : Magnus Hellberg
Backup : Ben Scrivens
Extra Forwards
Normal : Cody Bass, Michael Raffl, James Wright - PP : Michael Raffl, James Wright - PK : Michael Raffl
Extra Defensemen
Normal : Justin Falk, Jacob Trouba, Jared Spurgeon - PP : Jacob Trouba - PK : Jacob Trouba, Justin Falk
Penalty Shots
Jimmy Hayes, James Wright, Cody Bass, Michael Raffl, Josh Bailey
Scratches
Alan Quine (Healthy), Jordan Weal (Healthy), Collin Miller (Healthy), Matt Puempel (Healthy), David Shields (Healthy)
Matthew Benning (Healthy), Matt Grzelcyk (Healthy), Brett Connolly (Healthy), Travis Boyd (Healthy), Zach Trotman (Healthy)
Nikita Nikitin (Healthy), Connor Knapp (Healthy)
Remparts
5 vs 5 Forward
Center Left Wing Right Wing Time % Phy DF OF
1 Mika Zibanejad Alex Galchenyuk Guillaume Desbiens 40 0 2 3
2 Max Reinhart Daniel Paille Ryan Strome 30 0 2 3
3 Chris Mueller Pasi Salonen Matt Halischuk 20 0 2 3
4 Mitchell Heard Johannes Salmonsson Dainius Zubrus 10 0 2 3
5 vs 5 Defense
Defense Defense Time % Phy DF OF
1 Kris Russell Cody Ceci 40 1 2 2
2 Mike Weber Griffin Reinhart 30 1 2 2
3 William Colbert Michal Jordan 20 1 2 2
4 Kris Russell Cody Ceci 10 1 2 2
PowerPlay Forward
Center Left Wing Right Wing Time % Phy DF OF
1 Mika Zibanejad Alex Galchenyuk Guillaume Desbiens 60 1 0 4
2 Max Reinhart Daniel Paille Ryan Strome 40 1 0 4
PowerPlay Defense
Defense Defense Time % Phy DF OF
1 Kris Russell Mike Weber 60 0 2 3
2 William Colbert Griffin Reinhart 40 0 2 3
Penalty Kill 4 Players Forward
Center Wing Time % Phy DF OF
1 Max Reinhart Johannes Salmonsson 60 0 4 1
2 Chris Mueller Pasi Salonen 40 0 4 1
Penalty Kill 4 Players Defense
Defense Defense Time % Phy DF OF
1 Cody Ceci Mike Weber 60 1 4 0
2 William Colbert Kris Russell 40 1 4 0
Penalty Kill - 3 Players Forward
Forward Time % Phy DF OF
1 Max Reinhart 60 0 4 1
2 Chris Mueller 40 0 4 1
Penalty Kill - 3 Players Defense
Defense Defense Time % Phy DF OF
1 Cody Ceci Mike Weber 60 1 4 0
2 William Colbert Kris Russell 40 1 4 0
4 vs 4 Forward
Center Wing Time % Phy DF OF
1 Mika Zibanejad Alex Galchenyuk 60 0 2 3
2 Max Reinhart Guillaume Desbiens 40 0 2 3
4 vs 4 Defense
Defense Defense Time % Phy DF OF
1 Kris Russell Cody Ceci 60 1 2 2
2 Mike Weber Griffin Reinhart 40 1 2 2
Last Minutes Offensive
Center Left Wing Right Wing Defense Defense
Mika Zibanejad Alex Galchenyuk Guillaume Desbiens Kris Russell Mike Weber
Last Minutes Defensive
Center Left Wing Right Wing Defense Defense
Max Reinhart Johannes Salmonsson Guillaume Desbiens Cody Ceci Mike Weber
Goaltenders
Starting : Tyler Plante
Backup : Igor Bobkov
Extra Forwards
Normal : Ryan Strome, Alex Galchenyuk, Mika Zibanejad - PP : Ryan Strome, Alex Galchenyuk - PK : Guillaume Desbiens
Extra Defensemen
Normal : Griffin Reinhart, Cody Ceci, Mike Weber - PP : Cody Ceci - PK : Griffin Reinhart, Cody Ceci
Penalty Shots
Alex Galchenyuk, Pasi Salonen, Daniel Paille, Ryan Strome, Matt Halischuk
Scratches
Michael Paliotta (Healthy), Anton Zlobin (Healthy), Erik Gustafsson (Healthy), Patrick Maroon (Healthy), Tim Bozon (Healthy)
Dale Weise (Healthy), François Brassard (Healthy)
% Time on Ice - Knights
Lines # - Real PCT - Wanted PCT - Time Play
Normal Forward
1 - 33% - 37% - 16:10
2 - 27% - 33% - 13:09
3 - 22% - 20% - 10:51
4 - 19% - 10% - 9:13
Normal Defense
1 - 41% - 40% - 20:20
2 - 28% - 30% - 13:35
3 - 23% - 20% - 11:31
4 - 8% - 10% - 3:57
PP Forward
1 - 66% - 60% - 3:04
2 - 34% - 40% - 1:36
PP Defense
1 - 65% - 60% - 3:03
2 - 35% - 40% - 1:37
PK Forward
1 - 71% - 60% - 4:14
2 - 29% - 40% - 1:43
PK Defense
1 - 42% - 60% - 2:30
2 - 58% - 40% - 3:27
PK3 Forward
1 - 0% - 60%
2 - 0% - 40%
PK3 Defense
1 - 0% - 60%
2 - 0% - 40%
44 Forward
1 - 0% - 60%
2 - 0% - 40%
44 Defense
1 - 0% - 60%
2 - 0% - 40%
Last Minute Offensive - 0:00
Last Minute Defensive - 0:00
Total
Forward - 60:00
Defense - 60:00
|
% Time on Ice - Remparts
Lines # - Real PCT - Wanted PCT - Time Play
Normal Forward
1 - 32% - 40% - 15:58
2 - 26% - 30% - 13:00
3 - 23% - 20% - 11:22
4 - 18% - 10% - 9:03
Normal Defense
1 - 38% - 40% - 18:43
2 - 32% - 30% - 16:01
3 - 26% - 20% - 12:40
4 - 4% - 10% - 1:59
PP Forward
1 - 54% - 60% - 3:12
2 - 46% - 40% - 2:45
PP Defense
1 - 57% - 60% - 3:23
2 - 43% - 40% - 2:34
PK Forward
1 - 79% - 60% - 3:42
2 - 21% - 40% - 0:58
PK Defense
1 - 60% - 60% - 2:49
2 - 40% - 40% - 1:51
PK3 Forward
1 - 0% - 60%
2 - 0% - 40%
PK3 Defense
1 - 0% - 60%
2 - 0% - 40%
44 Forward
1 - 0% - 60%
2 - 0% - 40%
44 Defense
1 - 0% - 60%
2 - 0% - 40%
Last Minute Offensive - 0:00
Last Minute Defensive - 0:00
Total
Forward - 60:00
Defense - 60:00
|
Play by Play
1st period
0:01 of 1st period - James Wright wins face-off versus Mika Zibanejad in neutral zone.
0:33 of 1st period - Snap shot by Daniel Paille.
0:33 of 1st period - Stopped by Magnus Hellberg without a rebound.
0:34 of 1st period - Chris Mueller wins face-off versus Noel Acciari in Knights zone.
0:41 of 1st period - Snap shot by Pasi Salonen.
0:41 of 1st period - Stopped by Magnus Hellberg with a rebound.
0:59 of 1st period - Dainius Zubrus is hit by Jacob Trouba and loses puck.
1:44 of 1st period - Wrist shot by Max Reinhart.
1:44 of 1st period - Shot Hit the Post.
1:46 of 1st period - Wrist shot by Ryan Strome.
1:46 of 1st period - Shot Misses the Net.
2:43 of 1st period - Cody Ceci is hit by Jordan Martinook and loses puck.
2:48 of 1st period - Snap shot by Josh Bailey.
2:48 of 1st period - Deflect By Kris Russell.
2:48 of 1st period - Stopped by Tyler Plante without a rebound.
2:49 of 1st period - James Wright wins face-off versus Mika Zibanejad in Remparts zone.
2:56 of 1st period - Wrist shot by James Wright.
2:56 of 1st period - Stopped by Tyler Plante without a rebound.
2:57 of 1st period - Mika Zibanejad wins face-off versus James Wright in Remparts zone.
3:11 of 1st period - Off-side.
3:12 of 1st period - Cody Bass wins face-off versus Max Reinhart in neutral zone.
3:15 of 1st period - Max Reinhart is hit by Jordan Martinook and loses puck.
3:23 of 1st period - Jordan Martinook is hit by Kris Russell and loses puck.
4:00 of 1st period - Wrist shot by Pasi Salonen.
4:00 of 1st period - Stopped by Magnus Hellberg with a rebound.
4:02 of 1st period - Snap shot by Chris Mueller.
4:02 of 1st period - Stopped by Magnus Hellberg with a rebound.
4:04 of 1st period - Wrist shot by Kris Russell.
4:04 of 1st period - Deflect By Pasi Salonen.
4:04 of 1st period - Shot Misses the Net.
4:04 of 1st period - Puck is out of play.
4:05 of 1st period - Max Reinhart wins face-off versus Cody Bass in Knights zone.
4:06 of 1st period - Snap shot by Daniel Paille.
4:06 of 1st period - Stopped by Magnus Hellberg without a rebound.
4:07 of 1st period - Max Reinhart wins face-off versus Cody Bass in Knights zone.
4:08 of 1st period - Snap shot by Daniel Paille.
4:08 of 1st period - Deflect By Ryan Strome.
4:08 of 1st period - Shot Misses the Net.
4:08 of 1st period - Puck is out of play.
4:09 of 1st period - Cody Bass wins face-off versus Max Reinhart in Knights zone.
4:16 of 1st period - Wrist shot by Daniel Paille.
4:16 of 1st period - Shot Misses the Net.
4:18 of 1st period - Slapshot by Ryan Strome.
4:18 of 1st period - Deflect By Justin Falk.
4:18 of 1st period - Shot Blocked by Josh Bailey.
4:18 of 1st period - Puck is out of play.
4:19 of 1st period - James Wright wins face-off versus Mika Zibanejad in Knights zone.
4:19 of 1st period - James Wright is hit by Mika Zibanejad.
4:26 of 1st period - Icing by Alex Galchenyuk.
4:27 of 1st period - James Wright wins face-off versus Mika Zibanejad in Remparts zone.
6:04 of 1st period - Griffin Reinhart is hit by Jordan Martinook and loses puck.
6:17 of 1st period - Jared Spurgeon is hit by Mike Weber and loses puck.
6:22 of 1st period - Wrist shot by Matt Halischuk.
6:22 of 1st period - Shot Misses the Net.
6:39 of 1st period - Icing by Daniel Paille.
6:40 of 1st period - Max Reinhart wins face-off versus Brendan Gaunce in Remparts zone.
6:40 of 1st period - Max Reinhart is hit by Scott Wilson.
6:48 of 1st period - Slapshot by Brendan Gaunce.
6:48 of 1st period - Stopped by Tyler Plante without a rebound.
6:49 of 1st period - Cody Bass wins face-off versus Mika Zibanejad in Remparts zone.
7:17 of 1st period - Snap shot by Jordan Martinook.
7:17 of 1st period - Shot Misses the Net.
7:21 of 1st period - Wrist shot by Jimmy Hayes.
7:21 of 1st period - Stopped by Tyler Plante with a rebound.
7:23 of 1st period - Wrist shot by Michael Raffl.
7:23 of 1st period - Shot Misses the Net.
7:25 of 1st period - Wrist shot by James Wright.
7:25 of 1st period - Shot Misses the Net.
7:27 of 1st period - Wrist shot by Michael Raffl.
7:27 of 1st period - Stopped by Tyler Plante with a rebound.
7:29 of 1st period - Backhand shot by James Wright.
7:29 of 1st period - Shot Misses the Net.
7:59 of 1st period - Justin Falk is hit by Cody Ceci and loses puck.
8:32 of 1st period - Snap shot by Dainius Zubrus.
8:32 of 1st period - Shot Misses the Net.
8:34 of 1st period - Snap shot by Dainius Zubrus.
8:34 of 1st period - Stopped by Magnus Hellberg with a rebound.
8:36 of 1st period - Slapshot by Cody Ceci.
8:36 of 1st period - Stopped by Magnus Hellberg with a rebound.
8:46 of 1st period - Snap shot by Dainius Zubrus.
8:46 of 1st period - Shot Misses the Net.
8:54 of 1st period - Wrist shot by Johannes Salmonsson.
8:54 of 1st period - Stopped by Magnus Hellberg with a rebound.
8:56 of 1st period - Slapshot by Cody Ceci.
8:56 of 1st period - Shot Blocked by Jimmy Hayes.
8:58 of 1st period - Slapshot by Dainius Zubrus.
8:58 of 1st period - Stopped by Magnus Hellberg with a rebound.
9:28 of 1st period - Snap shot by Jimmy Hayes.
9:28 of 1st period - Shot Misses the Net.
9:40 of 1st period - Snap shot by Dainius Zubrus.
9:40 of 1st period - Stopped by Magnus Hellberg without a rebound.
9:41 of 1st period - Mika Zibanejad wins face-off versus Cody Bass in Knights zone.
9:56 of 1st period - Wrist shot by Cody Bass.
9:56 of 1st period - Stopped by Tyler Plante with a rebound.
10:25 of 1st period - Daniel Paille is hit by Brendan Gaunce and loses puck.
10:43 of 1st period - Wrist shot by Cody Bass.
10:43 of 1st period - Shot Misses the Net.
10:55 of 1st period - Slapshot by Linden Vey.
10:55 of 1st period - Stopped by Tyler Plante without a rebound.
10:56 of 1st period - Noel Acciari wins face-off versus Chris Mueller in Remparts zone.
10:59 of 1st period - Snap shot by A.J. Jenks.
10:59 of 1st period - Stopped by Tyler Plante with a rebound.
11:21 of 1st period - Jacob Trouba is hit by Matt Halischuk and loses puck.
11:32 of 1st period - Linden Vey is hit by Chris Mueller.
11:36 of 1st period - Slapshot by Linden Vey.
11:36 of 1st period - Shot Misses the Net.
12:11 of 1st period - Off-side.
12:12 of 1st period - Cody Bass wins face-off versus Mika Zibanejad in neutral zone.
12:25 of 1st period - Snap shot by Mika Zibanejad.
12:25 of 1st period - Stopped by Magnus Hellberg with a rebound.
12:27 of 1st period - Snap shot by Michal Jordan.
12:27 of 1st period - Stopped by Magnus Hellberg with a rebound.
12:37 of 1st period - Michal Jordan is hit by James Wright and loses puck.
12:48 of 1st period - Snap shot by Michael Raffl.
12:48 of 1st period - Goal by Michael Raffl - Knights : 1 - Remparts : 0.
12:49 of 1st period - Cody Bass wins face-off versus Mika Zibanejad in neutral zone.
12:56 of 1st period - Wrist shot by Cody Bass.
12:56 of 1st period - Stopped by Tyler Plante without a rebound.
12:57 of 1st period - Cody Bass wins face-off versus Mika Zibanejad in Remparts zone.
13:02 of 1st period - Snap shot by Cody Bass.
13:02 of 1st period - Stopped by Tyler Plante with a rebound.
13:04 of 1st period - Backhand shot by Justin Falk.
13:04 of 1st period - Shot Misses the Net.
13:06 of 1st period - Backhand shot by Jordan Martinook.
13:06 of 1st period - Stopped by Tyler Plante with a rebound.
13:08 of 1st period - Snap shot by Josh Bailey.
13:08 of 1st period - Shot Misses the Net.
13:10 of 1st period - Wrist shot by Justin Falk.
13:10 of 1st period - Deflect By Cody Bass.
13:10 of 1st period - Stopped by Tyler Plante without a rebound.
13:11 of 1st period - Mika Zibanejad wins face-off versus James Wright in Remparts zone.
13:20 of 1st period - Backhand shot by Mika Zibanejad.
13:20 of 1st period - Shot Misses the Net.
13:59 of 1st period - Wrist shot by Ryan Strome.
13:59 of 1st period - Stopped by Magnus Hellberg with a rebound.
14:01 of 1st period - Wrist shot by Matt Halischuk.
14:01 of 1st period - Stopped by Magnus Hellberg with a rebound.
14:39 of 1st period - Jimmy Hayes is hit by Kris Russell and loses puck.
15:06 of 1st period - Snap shot by Daniel Paille.
15:06 of 1st period - Stopped by Magnus Hellberg without a rebound.
15:07 of 1st period - Max Reinhart wins face-off versus Josh Bailey in Knights zone.
15:12 of 1st period - Wrist shot by Daniel Paille.
15:12 of 1st period - Shot Misses the Net.
15:14 of 1st period - Snap shot by Michal Jordan.
15:14 of 1st period - Stopped by Magnus Hellberg without a rebound.
15:15 of 1st period - Cody Bass wins face-off versus Mika Zibanejad in Knights zone.
16:29 of 1st period - Wrist shot by Mitchell Heard.
16:29 of 1st period - Goal by Mitchell Heard - Knights : 1 - Remparts : 1.
16:30 of 1st period - Mika Zibanejad wins face-off versus James Wright in neutral zone.
17:03 of 1st period - Snap shot by Cody Bass.
17:03 of 1st period - Stopped by Tyler Plante with a rebound.
17:20 of 1st period - Off-side.
17:21 of 1st period - James Wright wins face-off versus Pasi Salonen in neutral zone.
17:26 of 1st period - Snap shot by Jimmy Hayes.
17:26 of 1st period - Goal by Jimmy Hayes - Knights : 2 - Remparts : 1.
17:27 of 1st period - Cody Bass wins face-off versus Mika Zibanejad in neutral zone.
17:38 of 1st period - Snap shot by Cody Bass.
17:38 of 1st period - Shot Misses the Net.
17:40 of 1st period - Wrist shot by Cody Bass.
17:40 of 1st period - Shot Misses the Net.
17:42 of 1st period - Snap shot by Jordan Martinook.
17:42 of 1st period - Goal by Jordan Martinook - Knights : 3 - Remparts : 1.
17:43 of 1st period - Jimmy Hayes wins face-off versus Mika Zibanejad in neutral zone.
18:36 of 1st period - Chris Mueller is hit by A.J. Jenks and loses puck.
19:01 of 1st period - Scott Jackson is hit by Mike Weber and loses puck.
19:48 of 1st period - Minor Penalty to Daniel Paille for Hooking.
19:49 of 1st period - Cody Bass wins face-off versus Max Reinhart in Remparts zone.
19:52 of 1st period - Slapshot by Justin Falk.
19:52 of 1st period - Stopped by Tyler Plante with a rebound.
Goals for this period are 3 for Knights vs 1 for Remparts.
Shots for this period are 17 for Knights vs 17 for Remparts.
2nd period
0:01 of 2nd period - Cody Bass wins face-off versus Max Reinhart in neutral zone.
0:06 of 2nd period - Slapshot by Justin Falk.
0:06 of 2nd period - Shot Blocked by Cody Ceci.
0:08 of 2nd period - Slapshot by Justin Falk.
0:08 of 2nd period - Deflect By Josh Bailey.
0:08 of 2nd period - Shot Misses the Net.
0:08 of 2nd period - Puck is out of play.
0:09 of 2nd period - Max Reinhart wins face-off versus Cody Bass in Remparts zone.
0:22 of 2nd period - Wrist shot by Michael Raffl.
0:22 of 2nd period - Deflect By Josh Bailey.
0:22 of 2nd period - Shot Blocked by Cody Ceci.
0:22 of 2nd period - Puck is out of play.
0:23 of 2nd period - Cody Bass wins face-off versus Max Reinhart in Remparts zone.
0:28 of 2nd period - Wrist shot by Cody Bass.
0:28 of 2nd period - Shot Misses the Net.
0:30 of 2nd period - Slapshot by Justin Falk.
0:30 of 2nd period - Goal by Justin Falk - Knights : 4 - Remparts : 1.
0:30 of 2nd period - Igor Bobkov enters game.
0:31 of 2nd period - Mika Zibanejad wins face-off versus James Wright in neutral zone.
1:05 of 2nd period - Snap shot by Ryan Strome.
1:05 of 2nd period - Stopped by Magnus Hellberg with a rebound.
1:07 of 2nd period - Wrist shot by Daniel Paille.
1:07 of 2nd period - Stopped by Magnus Hellberg with a rebound.
2:24 of 2nd period - Wrist shot by Ryan Strome.
2:24 of 2nd period - Shot Blocked by Cody Bass.
3:36 of 2nd period - Tom Wilson is hit by Mitchell Heard and loses puck.
3:57 of 2nd period - Cody Bass is hit by Mike Weber.
4:18 of 2nd period - Snap shot by A.J. Jenks.
4:18 of 2nd period - Shot Misses the Net.
4:38 of 2nd period - Slapshot by Scott Jackson.
4:38 of 2nd period - Shot Misses the Net.
4:40 of 2nd period - Snap shot by Jaccob Slavin.
4:40 of 2nd period - Shot Misses the Net.
5:12 of 2nd period - Jacob Trouba is hit by Daniel Paille and loses puck.
5:34 of 2nd period - Icing by Griffin Reinhart.
5:35 of 2nd period - Noel Acciari wins face-off versus Max Reinhart in Remparts zone.
5:36 of 2nd period - Snap shot by Linden Vey.
5:36 of 2nd period - Stopped by Igor Bobkov with a rebound.
5:44 of 2nd period - James Wright is hit by Ryan Strome and loses puck.
6:03 of 2nd period - Wrist shot by Max Reinhart.
6:03 of 2nd period - Stopped by Magnus Hellberg with a rebound.
6:31 of 2nd period - Wrist shot by Daniel Paille.
6:31 of 2nd period - Shot Misses the Net.
6:33 of 2nd period - Snap shot by Ryan Strome.
6:33 of 2nd period - Shot Blocked by Michael Raffl.
6:35 of 2nd period - Snap shot by Max Reinhart.
6:35 of 2nd period - Shot Misses the Net.
6:37 of 2nd period - Wrist shot by Max Reinhart.
6:37 of 2nd period - Stopped by Magnus Hellberg without a rebound.
6:38 of 2nd period - Cody Bass wins face-off versus Mika Zibanejad in Knights zone.
7:08 of 2nd period - Slapshot by Michal Jordan.
7:08 of 2nd period - Shot Blocked by A.J. Jenks.
7:10 of 2nd period - Slapshot by Michal Jordan.
7:10 of 2nd period - Stopped by Magnus Hellberg without a rebound.
7:11 of 2nd period - Noel Acciari wins face-off versus Mika Zibanejad in Knights zone.
7:16 of 2nd period - Mika Zibanejad is hit by A.J. Jenks and loses puck.
7:45 of 2nd period - Chris Mueller is hit by Cody Bass and loses puck.
8:07 of 2nd period - Minor Penalty to Scott Jackson for Hooking.
8:08 of 2nd period - Mika Zibanejad wins face-off versus Cody Bass in Knights zone.
8:10 of 2nd period - Wrist shot by Guillaume Desbiens.
8:10 of 2nd period - Shot Misses the Net.
8:22 of 2nd period - Snap shot by Mike Weber.
8:22 of 2nd period - Shot Misses the Net.
8:24 of 2nd period - Slapshot by Kris Russell.
8:24 of 2nd period - Stopped by Magnus Hellberg with a rebound.
9:16 of 2nd period - Michael Matheson is hit by Ryan Strome and loses puck.
10:07 of 2nd period - Penalty to Scott Jackson is over, Scott Jackson is back on ice.
10:35 of 2nd period - Snap shot by Cody Bass.
10:35 of 2nd period - Shot Misses the Net.
11:29 of 2nd period - Slapshot by Dainius Zubrus.
11:29 of 2nd period - Shot Misses the Net.
11:31 of 2nd period - Slapshot by Mike Weber.
11:31 of 2nd period - Shot Misses the Net.
11:37 of 2nd period - Snap shot by Johannes Salmonsson.
11:37 of 2nd period - Shot Blocked by Scott Jackson.
11:39 of 2nd period - Snap shot by Dainius Zubrus.
11:39 of 2nd period - Shot Blocked by Jaccob Slavin.
11:41 of 2nd period - Snap shot by Mitchell Heard.
11:41 of 2nd period - Stopped by Magnus Hellberg with a rebound.
12:26 of 2nd period - Jordan Martinook is hit by Mike Weber and loses puck.
12:33 of 2nd period - Snap shot by Ryan Strome.
12:33 of 2nd period - Shot Misses the Net.
12:35 of 2nd period - Snap shot by Daniel Paille.
12:35 of 2nd period - Stopped by Magnus Hellberg without a rebound.
12:36 of 2nd period - Mika Zibanejad wins face-off versus James Wright in Knights zone.
12:45 of 2nd period - Justin Falk is hit by Kris Russell and loses puck.
13:34 of 2nd period - Matt Halischuk is hit by Scott Wilson and loses puck.
13:53 of 2nd period - Mike Weber is hit by Josh Bailey and loses puck.
14:12 of 2nd period - Snap shot by James Wright.
14:12 of 2nd period - Stopped by Igor Bobkov without a rebound.
14:13 of 2nd period - Max Reinhart wins face-off versus Noel Acciari in Remparts zone.
14:13 of 2nd period - Max Reinhart is hit by A.J. Jenks.
14:16 of 2nd period - Minor Penalty to Ryan Strome for Hooking.
14:17 of 2nd period - Max Reinhart wins face-off versus Cody Bass in Remparts zone.
14:31 of 2nd period - Snap shot by Josh Bailey.
14:31 of 2nd period - Stopped by Igor Bobkov with a rebound.
14:44 of 2nd period - Mike Weber is hit by Cody Bass and loses puck.
15:05 of 2nd period - Backhand shot by Pasi Salonen.
15:05 of 2nd period - Deflect By Chris Mueller.
15:05 of 2nd period - Stopped by Magnus Hellberg with a rebound.
16:16 of 2nd period - Penalty to Ryan Strome is over, Ryan Strome is back on ice.
16:35 of 2nd period - Slapshot by Ryan Strome.
16:35 of 2nd period - Stopped by Magnus Hellberg with a rebound.
16:37 of 2nd period - Wrist shot by Ryan Strome.
16:37 of 2nd period - Shot Blocked by Jaccob Slavin.
16:49 of 2nd period - Slapshot by Guillaume Desbiens.
16:49 of 2nd period - Shot Misses the Net.
16:51 of 2nd period - Snap shot by Ryan Strome.
16:51 of 2nd period - Shot Misses the Net.
17:15 of 2nd period - Slapshot by Mike Weber.
17:15 of 2nd period - Shot Blocked by Jacob Trouba.
17:17 of 2nd period - Wrist shot by Guillaume Desbiens.
17:17 of 2nd period - Stopped by Magnus Hellberg with a rebound.
17:19 of 2nd period - Snap shot by Ryan Strome.
17:19 of 2nd period - Shot Blocked by Jacob Trouba.
17:21 of 2nd period - Wrist shot by Guillaume Desbiens.
17:21 of 2nd period - Stopped by Magnus Hellberg with a rebound.
17:23 of 2nd period - Snap shot by Ryan Strome.
17:23 of 2nd period - Shot Blocked by Jacob Trouba.
17:25 of 2nd period - Slapshot by Max Reinhart.
17:25 of 2nd period - Shot Misses the Net.
17:27 of 2nd period - Snap shot by Max Reinhart.
17:27 of 2nd period - Shot Misses the Net.
17:29 of 2nd period - Wrist shot by Max Reinhart.
17:29 of 2nd period - Goal by Max Reinhart - Knights : 4 - Remparts : 2.
17:30 of 2nd period - Noel Acciari wins face-off versus Chris Mueller in neutral zone.
17:33 of 2nd period - Snap shot by Justin Falk.
17:33 of 2nd period - Shot Blocked by Michal Jordan.
18:30 of 2nd period - Wrist shot by Brendan Gaunce.
18:30 of 2nd period - Deflect By Tom Wilson.
18:30 of 2nd period - Shot Misses the Net.
18:30 of 2nd period - Puck is out of play.
18:31 of 2nd period - Noel Acciari wins face-off versus Chris Mueller in Remparts zone.
19:41 of 2nd period - Cody Bass is hit by Guillaume Desbiens and loses puck.
19:52 of 2nd period - Snap shot by Matt Halischuk.
19:52 of 2nd period - Deflect By Linden Vey.
19:52 of 2nd period - Shot Blocked by Linden Vey.
19:52 of 2nd period - Puck is out of play.
19:53 of 2nd period - Noel Acciari wins face-off versus Chris Mueller in Knights zone.
Goals for this period are 1 for Knights vs 1 for Remparts.
Shots for this period are 4 for Knights vs 13 for Remparts.
3rd period
0:01 of 3rd period - Mika Zibanejad wins face-off versus Cody Bass in neutral zone.
0:11 of 3rd period - Slapshot by Guillaume Desbiens.
0:11 of 3rd period - Shot Hit the Post.
0:25 of 3rd period - Michael Raffl is hit by Daniel Paille and loses puck.
0:48 of 3rd period - Snap shot by Tom Wilson.
0:48 of 3rd period - Stopped by Igor Bobkov without a rebound.
0:49 of 3rd period - Mika Zibanejad wins face-off versus Brendan Gaunce in Remparts zone.
0:53 of 3rd period - Off-side.
0:54 of 3rd period - Jordan Martinook wins face-off versus Mika Zibanejad in neutral zone.
0:57 of 3rd period - Griffin Reinhart is hit by Josh Bailey and loses puck.
1:08 of 3rd period - Slapshot by Josh Bailey.
1:08 of 3rd period - Shot Blocked by Griffin Reinhart.
1:10 of 3rd period - Wrist shot by Cody Bass.
1:10 of 3rd period - Stopped by Igor Bobkov without a rebound.
1:11 of 3rd period - Max Reinhart wins face-off versus James Wright in Remparts zone.
1:32 of 3rd period - Minor Penalty to Jimmy Hayes for Hooking.
1:33 of 3rd period - Mika Zibanejad wins face-off versus Cody Bass in Knights zone.
3:32 of 3rd period - Penalty to Jimmy Hayes is over, Jimmy Hayes is back on ice.
3:36 of 3rd period - Cody Bass is hit by Mitchell Heard and loses puck.
3:55 of 3rd period - Snap shot by Linden Vey.
3:55 of 3rd period - Stopped by Igor Bobkov without a rebound.
3:56 of 3rd period - Chris Mueller wins face-off versus Noel Acciari in Remparts zone.
4:03 of 3rd period - Wrist shot by Linden Vey.
4:03 of 3rd period - Stopped by Igor Bobkov without a rebound.
4:04 of 3rd period - Noel Acciari wins face-off versus Chris Mueller in Remparts zone.
4:05 of 3rd period - Snap shot by Linden Vey.
4:05 of 3rd period - Shot Blocked by Kris Russell.
4:33 of 3rd period - Snap shot by Cody Bass.
4:33 of 3rd period - Goal by Cody Bass - Knights : 5 - Remparts : 2.
4:34 of 3rd period - Mika Zibanejad wins face-off versus Cody Bass in neutral zone.
4:36 of 3rd period - Minor Penalty to Guillaume Desbiens for Hooking.
4:37 of 3rd period - Cody Bass wins face-off versus Max Reinhart in Remparts zone.
4:39 of 3rd period - Slapshot by Josh Bailey.
4:39 of 3rd period - Stopped by Igor Bobkov with a rebound.
4:41 of 3rd period - Slapshot by Justin Falk.
4:41 of 3rd period - Stopped by Igor Bobkov with a rebound.
4:43 of 3rd period - Slapshot by Jared Spurgeon.
4:43 of 3rd period - Stopped by Igor Bobkov without a rebound.
4:44 of 3rd period - Max Reinhart wins face-off versus Cody Bass in Remparts zone.
4:57 of 3rd period - Slapshot by Justin Falk.
4:57 of 3rd period - Shot Misses the Net.
4:59 of 3rd period - Snap shot by Josh Bailey.
4:59 of 3rd period - Stopped by Igor Bobkov with a rebound.
6:24 of 3rd period - Jacob Trouba is hit by Mika Zibanejad and loses puck.
6:36 of 3rd period - Penalty to Guillaume Desbiens is over, Guillaume Desbiens is back on ice.
6:59 of 3rd period - Scott Wilson is hit by Dainius Zubrus.
7:00 of 3rd period - Icing by Scott Wilson.
7:01 of 3rd period - Brendan Gaunce wins face-off versus Mitchell Heard in Knights zone.
7:33 of 3rd period - Mika Zibanejad is hit by A.J. Jenks and loses puck.
9:10 of 3rd period - Slapshot by Michael Raffl.
9:10 of 3rd period - Shot Blocked by Cody Ceci.
9:12 of 3rd period - Wrist shot by Michael Raffl.
9:12 of 3rd period - Deflect By Jimmy Hayes.
9:12 of 3rd period - Stopped by Igor Bobkov with a rebound.
9:14 of 3rd period - Slapshot by Justin Falk.
9:14 of 3rd period - Stopped by Igor Bobkov with a rebound.
9:18 of 3rd period - Snap shot by Michael Raffl.
9:18 of 3rd period - Stopped by Igor Bobkov without a rebound.
9:19 of 3rd period - Josh Bailey wins face-off versus Max Reinhart in Remparts zone.
9:37 of 3rd period - Icing by Ryan Strome.
9:38 of 3rd period - Max Reinhart wins face-off versus Noel Acciari in Remparts zone.
9:47 of 3rd period - Slapshot by Griffin Reinhart.
9:47 of 3rd period - Deflect By Linden Vey.
9:47 of 3rd period - Stopped by Magnus Hellberg with a rebound.
9:49 of 3rd period - Slapshot by Mike Weber.
9:49 of 3rd period - Stopped by Magnus Hellberg with a rebound.
9:57 of 3rd period - Backhand shot by Daniel Paille.
9:57 of 3rd period - Shot Misses the Net.
10:24 of 3rd period - Slapshot by Justin Falk.
10:24 of 3rd period - Shot Misses the Net.
10:26 of 3rd period - Wrist shot by Scott Wilson.
10:26 of 3rd period - Shot Blocked by Michal Jordan.
10:28 of 3rd period - Wrist shot by Brendan Gaunce.
10:28 of 3rd period - Shot Misses the Net.
10:30 of 3rd period - Snap shot by Scott Wilson.
10:30 of 3rd period - Stopped by Igor Bobkov with a rebound.
10:32 of 3rd period - Wrist shot by Brendan Gaunce.
10:32 of 3rd period - Stopped by Igor Bobkov without a rebound.
10:33 of 3rd period - James Wright wins face-off versus Matt Halischuk in Remparts zone.
10:50 of 3rd period - Pasi Salonen is hit by James Wright and loses puck.
11:07 of 3rd period - Snap shot by Guillaume Desbiens.
11:07 of 3rd period - Stopped by Magnus Hellberg without a rebound.
11:08 of 3rd period - Cody Bass wins face-off versus Mika Zibanejad in Knights zone.
12:19 of 3rd period - Slapshot by Scott Jackson.
12:19 of 3rd period - Stopped by Igor Bobkov with a rebound.
12:21 of 3rd period - Snap shot by Scott Wilson.
12:21 of 3rd period - Stopped by Igor Bobkov with a rebound.
12:40 of 3rd period - Minor Penalty to Jacob Trouba for Tripping.
12:41 of 3rd period - Mika Zibanejad wins face-off versus Cody Bass in Knights zone.
12:45 of 3rd period - Backhand shot by Alex Galchenyuk.
12:45 of 3rd period - Shot Misses the Net.
12:47 of 3rd period - Snap shot by Mika Zibanejad.
12:47 of 3rd period - Shot Blocked by Justin Falk.
12:49 of 3rd period - Snap shot by Mike Weber.
12:49 of 3rd period - Shot Misses the Net.
13:11 of 3rd period - Michael Raffl is hit by William Colbert and loses puck.
13:27 of 3rd period - James Wright is hit by Daniel Paille and loses puck.
13:44 of 3rd period - Wrist shot by Noel Acciari.
13:44 of 3rd period - Shot Misses the Net.
14:40 of 3rd period - Penalty to Jacob Trouba is over, Jacob Trouba is back on ice.
15:37 of 3rd period - William Colbert is hit by Jared Spurgeon.
15:46 of 3rd period - Johannes Salmonsson is hit by Scott Wilson and loses puck.
15:59 of 3rd period - Chris Mueller is hit by Jimmy Hayes and loses puck.
16:12 of 3rd period - Josh Bailey is hit by Mika Zibanejad.
16:38 of 3rd period - Pasi Salonen is hit by Michael Raffl and loses puck.
16:55 of 3rd period - Kris Russell is hit by Jacob Trouba.
17:23 of 3rd period - Jordan Martinook is hit by Daniel Paille and loses puck.
17:55 of 3rd period - Wrist shot by Guillaume Desbiens.
17:55 of 3rd period - Shot Misses the Net.
18:17 of 3rd period - Scott Wilson is hit by Daniel Paille and loses puck.
18:36 of 3rd period - Dainius Zubrus is hit by Linden Vey and loses puck.
19:07 of 3rd period - Guillaume Desbiens is hit by James Wright and loses puck.
19:29 of 3rd period - Michal Jordan is hit by Cody Bass and loses puck.
Goals for this period are 1 for Knights vs 0 for Remparts.
Shots for this period are 16 for Knights vs 3 for Remparts.
Back to the Top